 Dungeon Crawl Stone Soup version 0.32-a0-699-g1ee5eff69a (webtiles) character file.

Game seed: 13334072705893083922

693 BeKind the Chiller (level 7, -10/42 HPs)
             Began as an Octopode Ice Elementalist on Mar 13, 2024.
             Was an Initiate of Gozag.
             Mangled by a gnoll
             ... wielding a +0 flail
             ... led by a gnoll bouda
              (13 damage)
             ... on level 5 of the Dungeon.
             The game lasted 00:09:38 (4716 turns).

BeKind the Chiller (Octopode Ice Elementalist)      Turns: 4716, Time: 00:09:40

Health: -10/42     AC:  1    Str:  7    XL:     7   Next: 64%
Magic:  11/13      EV: 13    Int: 20    God:    Gozag
Gold:   179        SH:  0    Dex: 12    Spells: 2/14 levels left

rFire   . . .        v - +1 dagger (venom)
rCold   . . .        (no shield)
rNeg    + . .        (helmet restricted)
rPois   .            (no amulet)
rElec   .            k - ring of positive energy
rCorr   .            (no ring)
SInv    .            (no ring)
Will    .....        (no ring)
Stlth   +++          (no ring)
HPRegen 0.27/turn    (no ring)
MPRegen 0.13/turn    (no ring)
                     (no ring)

%: no passive effects
@: no status effects
A: almost no armour, amphibious, 8 rings, camouflage 1, gelatinous body 1,
(nimble swimmer 1), tentacles
a: Renounce Religion, Potion Petition, Call Merchant, Bribe Branch


You were on level 5 of the Dungeon.
You worshipped Gozag.
Gozag was aware of your devotion.
You visited 2 branches of the dungeon, and saw 6 of its levels.

You collected 276 gold pieces.
You paid 97 gold pieces to Gozag.

Inventory:

Hand Weapons
 v - a +1 dagger of venom (weapon)
Jewellery
 k - a ring of positive energy (left tentacle)
Wands
 o - a wand of flame (12)
Scrolls
 b - a scroll of teleportation
 c - a scroll of noise {unknown}
 g - a scroll of acquirement {unknown}
 h - a scroll of vulnerability
 i - 2 scrolls of amnesia {unknown}
 j - 3 scrolls of revelation {unknown}
 l - 3 scrolls of enchant weapon
 r - 2 scrolls of identify {unknown}
 s - a scroll of immolation {unknown}
 u - a scroll of enchant armour {unknown}
Potions
 a - a potion of magic
 e - 4 potions of curing {unknown}
 f - a potion of brilliance {unknown}
 m - a potion of might {unknown}
 n - a potion of degeneration {unknown}
 p - a potion of mutation {unknown}
 q - a potion of heal wounds {unknown}
 t - a potion of cancellation {unknown}


   Skills:
 + Level 0.7 Fighting
 + Level 4.4 Dodging
 - Level 3.0 Stealth
 + Level 4.1 Spellcasting
 + Level 3.2 Summonings
 + Level 5.6 Ice Magic
 * Level 0.9 Air Magic


You had 2 spell levels left.
You knew the following spells:

 Your Spells              Type           Power      Damage    Failure   Level
a - Freeze                Ice            100%       1d10      1%          1
b - Summon Ice Beast      Ice/Summ       22%        N/A       6%          3
c - Frozen Ramparts       Ice            52%        1d8       3%          3
d - Freezing Cloud        Conj/Ice/Air   6%         6-21      82%         5

Your spell library contained the following spells:

 Spells                   Type           Power      Damage    Failure   Level
 Summon Small Mammal      Summ           68%        N/A       3%          1
 Apportation              Tloc           8%         N/A       13%         1
 Kiss of Death            Conj/Necr      16%        2d6       13%         1
 Necrotise                Necr           16%        1d4       13%         1
 Sting                    Conj/Alch      16%        1d4       13%         1
 Cigotuvi's Dreadful Rot  Necr/Alch/Air  10%        N/A       17%         2
 Ozocubu's Armour         Ice            26%        N/A       3%          3
 Mephitic Cloud           Conj/Alch/Air  5%         N/A       32%         3
 Confusing Touch          Hex            4%         N/A       36%         3
 Dazzling Flash           Conj/Hex       8%         N/A       36%         3
 Dispel Undead            Necr           4%         3d7       77%         4
 Ignite Poison            Fire/Alch      4%         N/A       77%         4
 Silence                  Hex/Air        3%         N/A       96%         5
 Curse of Agony           Necr           4%         N/A       98%         5


Dungeon Overview and Level Annotations

Branches:
Dungeon (5/15)             Temple (1/1) D:5

Altars:
Ashenzari
Cheibriados
Dithmenos
Elyvilon
Fedhas
Gozag
Hepliaklqana
Kikubaaqudgha
Makhleb
Nemelex Xobeh
Okawaru
Qazlal
Ru
Sif Muna
Trog
Uskayaw
Vehumet
Wu Jian
Xom
Yredelemnul
Zin

Shops:
D:3 (

Annotations:
D:5 1 transporter


Innate Abilities, Weirdness & Mutations

You cannot wear most types of armour.
You are amphibious.
You can wear up to eight rings at the same time.
Your skin changes colour to match your surroundings (Stealth+).
Your rubbery body absorbs attacks. (AC +1, EV +1)
((You are camouflaged when in or above water. (Stealth+)))
You have tentacles for arms and can constrict up to eight enemies at once.


Message History

The gnoll attacks as it pursues you!
The gnoll hits you from afar with a +0 spear.
The gnoll attacks as it pursues you! The gnoll hits you with a +0 flail.
The gnoll attacks as it pursues you! The gnoll barely misses you.
The gnoll attacks as it pursues you! The gnoll hits you with a +0 club.
The gnoll bouda gazes fiercely through you!
You feel your attacks grow feeble.
The gnoll bouda barely misses your ice beast.
Your ice beast hits the gnoll.
Your ice beast freezes the gnoll.
The gnoll hits your ice beast with a +0 spear.
The gnoll bouda barks out a call to the hunt!
The gnolls pick up the pace!
Your ice beast closely misses the gnoll.
The gnoll closely misses your ice beast.
The gnoll bouda hits your ice beast with a +0 whip.
The gnoll attacks as it pursues you! The gnoll hits you with a +0 club!
Your ice beast hits the gnoll bouda.
Your ice beast freezes the gnoll bouda!
The gnoll barely misses you.
Your attacks no longer feel as feeble.
The gnoll hits your ice beast with a +0 spear!
Your ice beast dies!
Your ice beast disappears in a puff of smoke!
The gnoll misses you. The gnoll attacks as it pursues you!
The gnoll closely misses you. The gnoll attacks as it pursues you!
The gnoll misses you. The gnoll hits you with a +0 club!
* * * LOW HITPOINT WARNING * * *
The gnoll attacks as it pursues you! The gnoll barely misses you.
The gnoll attacks as it pursues you! The gnoll hits you with a +0 club.
* * * LOW HITPOINT WARNING * * *
The gnoll attacks as it pursues you!
The gnoll hits you from afar with a +0 halberd.
* * * LOW HITPOINT WARNING * * *
As you read the scroll of fog, it dissolves into smoke.
The gnoll closely misses you.
The gnoll bouda calls upon its god to heal the gnoll.
The gnoll is healed somewhat.
The gnoll misses you. The gnoll hits you with a +0 flail!
You die...
Your body crumbles into a pile of gold.

#. ... #.. #..# ..
#... ###.# #...
....##.. .....#####
#§§§....# #g@.....##
##g§§.....# #####
#..g......######....
#..g................
##...................
#..!............##...
##...g...###....####©.
#........#(##..## ###
#........#..#..#$ ^.©.


You could see a gnoll bouda and 4 gnolls.

Vanquished Creatures
  A scorpion (D:5)
  A bombardier beetle (D:4)
  A hound (D:5)
  Jessica (D:3)
  An iguana (D:4)
  An orc wizard (D:4)
  A scorpion zombie (D:4)
  A hound skeleton (D:4)
  3 adders
  2 dart slugs (D:2)
  2 ribbon worms
  5 orcs
  5 ball pythons
  5 bats
  6 endoplasms
  3 giant cockroaches
  4 goblins
  4 hobgoblins
  2 jackals (D:2)
  7 quokkas
  3 frilled lizards
  3 kobolds
  5 rats
67 creatures vanquished.

Vanquished Creatures (collateral kills)
  A black bear (D:5)
  A scorpion (D:5)
  A water moccasin zombie (D:4)
  A hound (D:5)
  A bombardier beetle (D:4)
  Ijyb (D:3)
  An orc wizard (D:4)
  2 adders (D:5)
  A dart slug (D:4)
  3 ribbon worms
  2 orcs (D:4)
  An endoplasm (D:3)
  A hobgoblin (D:4)
  A goblin (D:4)
18 creatures vanquished.

Grand Total: 85 creatures vanquished

Notes
Turn   | Place    | Note
-------+----------+-------------------------------------------
     0 | D:1      | BeKind the Octopode Ice Elementalist began the quest for
                  | the Orb.
     0 | D:1      | Reached XP level 1. HP: 11/11 MP: 3/3
   392 | D:1      | Reached XP level 2. HP: 17/17 MP: 3/5
   668 | D:2      | Reached XP level 3. HP: 5/21 MP: 1/6
   824 | D:2      | Learned a level 3 spell: Summon Ice Beast
  1584 | D:3      | Reached XP level 4. HP: 27/27 MP: 6/8
  1611 | D:3      | Learned a level 3 spell: Frozen Ramparts
  1645 | D:3      | Noticed Ijyb
  1669 | D:3      | Killed Ijyb
  1783 | D:3      | Found Wuutomeo's Antique Weapon Emporium.
  2143 | D:3      | Reached XP level 5. HP: 18/31 MP: 5/9
  2263 | D:3      | Noticed Jessica
  2272 | D:3      | Killed Jessica
  2654 | D:4      | Reached skill level 5 in Ice Magic
  2763 | D:4      | Found an iron altar of Okawaru.
  2784 | D:4      | Reached skill level 1 in Summonings
  2784 | D:4      | Reached XP level 6. HP: 31/36 MP: 1/11
  2870 | D:4      | Found an ornate altar of the Wu Jian Council.
  4342 | D:5      | Entered Level 5 of the Dungeon
  4348 | D:5      | Noticed a black bear
  4355 | D:5      | Reached XP level 7. HP: 41/41 MP: 6/12
  4365 | D:5      | Learned a level 5 spell: Freezing Cloud
  4533 | D:5      | Found a staircase to the Ecumenical Temple.
  4566 | Temple   | Entered the Ecumenical Temple
  4597 | Temple   | Became a worshipper of Gozag Ym Sagoz the Greedy
  4677 | D:5      | Found a transporter.
  4716 | D:5      | Mangled by a gnoll

Illustrated notes

Levels and vault maps discovered:
D:1:      dpeg_arrival_long_road, layout_rooms, chequers_arboretum,
          chequers_serial_rivers_micro_a, nicolae_houndstooth_variations
D:2:      layout_basic, minmay_circled_x
D:3:      layout_loops_ring, serial_shops, nicolae_shop_back_alley_shop,
          uniq_jessica, uniq_ijyb
D:4:      layout_basic, grunt_temple_overflow_open, serial_undead,
          serial_undead_e, serial_undead_c, serial_undead_e, serial_undead_e
D:5:      layout_cave_pods, lemuel_temple_firewalk_b,
          gammafunk_ghost_abyssal_escape, minmay_fractal_squares_diagonal_5,
          uniq_pikel, uniq_duvessa
Temple:   hellmonk_temple_of_storms

Skill      XL: |  1  2  3  4  5  6  7 |
---------------+----------------------+-----
Stealth        | 3 |  3.0
Dodging        | 3 4 |  4.4
Spellcasting   | 3 4 |  4.1
Ice Magic      | 5 |  5.6
Summonings     | 1 2 3 |  3.2
Fighting       | |  0.7
Air Magic      | |  0.9

Action                     |  1- 3 |  4- 6 |  7- 9 || total
---------------------------+-------+-------+-------++-------
  Melee: Unarmed           |    23 |    33 |       ||    56
         Constrict         |     8 |    14 |     2 ||    24
         Tentacles         |     4 |    14 |     3 ||    21
         Punch             |     1 |     3 |       ||     4
         Dagger            |       |     3 |     7 ||    10
   Cast: Freeze            |    36 |    24 |       ||    60
         Summon Ice Beast  |       |    15 |     4 ||    19
         Frozen Ramparts   |       |     4 |       ||     4
    Use: Scroll            |       |     6 |     1 ||     7
   Stab: Sleeping          |       |     4 |     1 ||     5
 Armour: Skin              |    28 |    37 |    11 ||    76
  Dodge: Dodged            |    36 |    26 |    14 ||    76

Table legend: (Time is in decaauts)
 A = Elapsed time spent in this place.
 B = Non-inter-level travel time spent in this place.
 C = Inter-level travel time spent in this place.
 D = Time resting spent in this place.
 E = Time spent auto-exploring this place.
 F = Levels seen in this place.
 G = Mean time per level.
                   A        B        C        D        E       F      G
               +--------+--------+--------+--------+--------+-----+--------+
         Total |   4714 |   4528 |    186 |    392 |   3485 |   6 |  785.7 |
       Dungeon |   4673 |   4525 |    148 |    392 |   3485 |   5 |  934.6 |
        Temple |     40 |      2 |     38 |      0 |      0 |   1 |   40.0 |
               +--------+--------+--------+--------+--------+-----+--------+

Top non-repeatable levels by time:
     D:3: 1452 daAuts
     D:4: 1312 daAuts
     D:2: 983 daAuts
     D:1: 593 daAuts
     D:5: 333 daAuts
  Temple: 40 daAuts
